 Dungeon Crawl Stone Soup version 0.31-a0-150-g89dc3ad700 (webtiles) character file.

Game seed: 822271276320484408

5961 iguanaiguana the Markself (level 10, -1/60 HPs)
             Began as a Deep Elf Delver on June 9, 2023.
             Was an Elder of Fedhas.
             Killed from afar by an efreet (3 damage)
             ... with a fireball
             ... on level 8 of the Dungeon.
             The game lasted 00:21:29 (9231 turns).

iguanaiguana the Markself (Deep Elf Delver)         Turns: 9231, Time: 00:21:29

Health: -1/60      AC:  7    Str:  9    XL:     10   Next: 54%
Magic:  11/14      EV: 14    Int: 16    God:    Fedhas [****..]
Gold:   952        SH:  0    Dex: 20    Spells: 9/9 levels left

rFire   . . .        a - +0 orcbow (elec)
rCold   . . .        (shield currently unavailable)
rNeg    . . .        J - +0 acid dragon scales
rPois   .            h - +0 helmet
rElec   .            (no cloak)
rCorr   +            (no gloves)
SInv    .            (no boots)
Will    +....        (no amulet)
Stlth   +++          (no ring)
HPRegen 0.30/turn    (no ring)
MPRegen 0.14/turn

%: no passive effects
@: no status effects
A: no striking features
a: Renounce Religion, Wall of Briars, Grow Ballistomycete, Overgrow


You were on level 8 of the Dungeon.
You worshipped Fedhas.
Fedhas was greatly pleased with you.
You visited 2 branches of the dungeon, and saw 9 of its levels.

You collected 952 gold pieces.

Inventory:

Hand Weapons
 a - a +0 orcbow of electrocution (weapon)
 b - a +3 dagger of holy wrath
 r - a +5 whip
 A - a +0 falchion
 E - a +2 dagger of venom
Missiles
 n - 2 javelins
 C - 9 boomerangs
 D - 18 poisoned darts
Armour
 d - a +0 leather armour
 h - a +0 helmet (worn)
 H - +0 steam dragon scales
 J - +0 acid dragon scales (worn)
Magical Staves
 w - a staff of death
Jewellery
 p - a ring of resist corrosion
Wands
 g - a wand of digging (3) {@v3}
 k - a wand of iceblast (12) {@v2}
 m - a wand of flame (8)
 y - a wand of polymorph (13)
 K - a wand of paralysis (7)
Scrolls
 c - a scroll of fog
 j - 2 scrolls of brand weapon
 o - 2 scrolls of amnesia
 q - a scroll of immolation {unknown}
 t - a scroll of vulnerability
 u - 5 scrolls of teleportation {@r3}
 z - 6 scrolls of noise
 F - a scroll of magic mapping {@r5}
 G - a scroll of fear
 L - a scroll of enchant armour {unknown}
 M - a scroll of identify {@r1}
Potions
 e - a potion of mutation
 f - 2 potions of haste {@q4}
 i - 2 potions of resistance {@q5}
 l - 3 potions of enlightenment
 s - 2 potions of attraction
 v - a potion of lignification {unknown}
 x - 2 potions of curing {@q1}
 B - a potion of might {@q3}
 I - a potion of invisibility {unknown}


   Skills:
 - Level 6.0 Fighting
 - Level 2.2 Long Blades
 - Level 16.0 Ranged Weapons
 - Level 6.0 Dodging
 - Level 6.1 Stealth
 + Level 3.7 Invocations
 - Level 4.0 Evocations


You had 9 spell levels left.
You didn't know any spells.
Your spell library contained the following spells:

 Spells                   Type           Power      Damage    Failure   Level
 Beastly Appendage        Tmut           0%         N/A       38%         1
 Magic Dart               Conj           0%         1d3       38%         1
 Wereblood                Tmut           0%         N/A       54%         2
 Spider Form              Tmut/Pois      0%         N/A       77%         3
 Petrify                  Tmut/Erth      0%         N/A       99%         4
 Metabolic Englaciation   Hex/Ice        0%         N/A       100%        5
 Simulacrum               Ice/Necr       0%         N/A       100%        6
 Statue Form              Tmut/Erth      0%         N/A       100%        6
 Ozocubu's Refrigeration  Ice            0%         4d7       100%        7
 Borgnjor's Revivificati  Necr           0%         N/A       100%        8
 Necromutation            Tmut/Necr      0%         N/A       100%        8
 Death's Door             Necr           0%         N/A       100%        9
 Polar Vortex             Ice            0%         N/A       100%        9


Dungeon Overview and Level Annotations

Branches:
Dungeon (8/15) Zot: 25668  Temple (1/1) D:4 Zot: 5959    Lair (0/5) D:8

Altars:
Cheibriados
Elyvilon
Fedhas
Kikubaaqudgha
Makhleb
Okawaru
Sif Muna
Vehumet
Wu Jian
Xom
Yredelemnul
The Shining One

Shops:
D:8 *

Annotations:
D:2 1 runed translucent door, Crazy Yiuf
D:3 3 runed translucent doors, pigah's ghost, amateur OpWn


Message History

A troll and an orc priest come into view.
The orc priest is wielding the +7 falchion of the Invisible Mystics {venom, Dex+3}.
You shoot an arrow. The arrow completely misses the troll.
The orc priest shouts!
You shoot an arrow. The arrow closely misses the troll.
You shoot an arrow. The arrow hits the troll!
The troll is heavily wounded.
You shoot an arrow. The arrow hits the troll!
The troll is severely wounded.
The troll claws you.
You shoot an arrow. The arrow closely misses the troll.
You shoot an arrow. The arrow hits the troll.
The troll is severely wounded.
The troll claws you. x2
You shoot an arrow. The arrow barely misses the troll.
The troll bites you! The troll claws you. The troll claws you!
* * * LOW HITPOINT WARNING * * *
The troll attacks as you move away! The troll claws you!
* * * LOW HITPOINT WARNING * * *
A briar patch grows up from the ground. x4
The orc priest looks braver for a moment.
The troll claws you.
* * * LOW HITPOINT WARNING * * *
The troll claws you!
* * * LOW HITPOINT WARNING * * *
You walk carefully through the plants.
The troll is struck by your briar patch's thorns.
The troll bites your briar patch. The troll claws your briar patch.
The efreet gestures at you.
The fireball explodes!
The fireball engulfs your briar patch!!
Your briar patch is burned terribly!
Your briar patch is destroyed!
Your briar patch disappears in a puff of smoke!
The fireball engulfs your briar patch!!!
Your briar patch is burned terribly!
Your briar patch is destroyed!
Your briar patch disappears in a puff of smoke!
The fireball engulfs you.
You die...
Fedhas appreciates your contribution to the ecosystem.

..~~.~.~≈≈≈~.....##........###...
...≈≈~≈≈≈≈≈~.....##........# #...
...~~~~≈≈≈~~≈~~#..'........# #...
.≈†~~.~.~.≈≈≈≈≈#.##........# #...
..~≈≈....~≈≈≈≈≈#.#..<...#########
..~~.~.>..~≈≈≈≈#.#.####[.........
~.~~......~~≈≈≈#.#........÷÷.....
..≈~~....~≈≈≈~≈#.##.........###..
..~≈~.....~≈~~.#@#..###.###..#..#
...~≈~....~≈≈..§§P.#####..##...##
...~≈~≈.~~~~~..#TP##..####.##.###
..~≈≈≈~.~≈≈..~.#o##K##.K###.###.#
..≈~≈≈~.~≈~≈)....#.#####.##.##..#
.~.~~.~.~≈~.~~..)#.##..#.#.###..#
...≈~.~.~~~)R.....##.##)##.##.#.#
....~...~~°.○~...###.#.#..##.##.#
........○..○...>.##K##.#####)##.#


You could see a troll (ally target), an efreet and an orc priest.

Vanquished Creatures
  Pikel (D:8)
  A kobold demonologist (D:8)
  A troll (D:8)
  4 yaks
  2 steam dragons
  2 acid dragons (D:8)
  A water moccasin (D:8)
  Duvessa (D:5)
  3 black bears
  An orc warrior (D:6)
  2 sky beasts
  2 ogres
  An ice beast (D:4)
  3 wolves (D:8)
  2 centaurs (D:8)
  A phantom (D:7)
  2 kobold brigands
  A lemure (D:8)
  Blork the orc (D:5)
  4 bullfrogs
  4 wights
  Dowan (D:5)
  2 electric eels (D:8)
  A howler monkey (D:8)
  6 hounds
  3 jellies
  3 orc priests (D:6)
  2 gnoll boudas
  Jessica (D:2)
  2 iguanas (D:6)
  Terence (D:2)
  10 orc wizards
  7 gnolls
  9 adders
  A shadow imp (D:8)
  A white imp (D:5)
  2 ufetubi
  5 worms
  3 dart slugs
  20 orcs
  2 bats
  13 endoplasms
  A giant cockroach (D:1)
  3 goblins
  12 hobgoblins
  10 jackals
  40 kobolds
  6 quokkas
  8 ball pythons
  A frilled lizard (D:3)
  A rat (D:1)
217 creatures vanquished.

Vanquished Creatures (collateral kills)
  2 yaks
  5 wights
7 creatures vanquished.

Grand Total: 224 creatures vanquished

Notes
Turn   | Place    | Note
-------+----------+-------------------------------------------
     0 | D:5      | iguanaiguana the Deep Elf Delver began the quest for the
                  | Orb.
     0 | D:5      | Reached XP level 1. HP: 13/13 MP: 3/3
   145 | D:3      | Reached XP level 2. HP: 16/18 MP: 4/4
   348 | D:3      | Found a runed translucent gate.
   348 | D:3      | Found a runed translucent gate.
   349 | D:3      | Found a runed translucent gate.
   523 | D:2      | Noticed Jessica
   527 | D:2      | Killed Jessica
   528 | D:2      | Reached XP level 3. HP: 22/22 MP: 5/5
   627 | D:2      | Noticed Terence
   635 | D:2      | Killed Terence
   636 | D:2      | Reached XP level 4. HP: 27/27 MP: 6/6
   798 | D:2      | Found a runed translucent door.
   799 | D:2      | Noticed Crazy Yiuf
  1057 | D:2      | Reached skill level 5 in Dodging
  1386 | D:2      | Reached XP level 5. HP: 31/31 MP: 7/7
  2595 | D:2      | Reached skill level 1 in Evocations
  3245 | D:3      | Noticed pigah's ghost (amateur OpWn)
  3490 | D:4      | Found a staircase to the Ecumenical Temple.
  3512 | Temple   | Entered the Ecumenical Temple
  3544 | Temple   | Became a worshipper of Fedhas Madash
  3625 | D:4      | Reached skill level 1 in Ranged Weapons
  3631 | D:4      | Reached skill level 2 in Ranged Weapons
  3730 | D:4      | Noticed an ogre
  3735 | D:4      | Killed an ogre
  3736 | D:4      | Reached skill level 3 in Ranged Weapons
  3736 | D:4      | Reached XP level 6. HP: 36/36 MP: 8/8
  3821 | D:4      | Found a snail-covered altar of Cheibriados.
  4112 | D:4      | Reached skill level 4 in Ranged Weapons
  4169 | D:4      | Noticed an ice beast
  4176 | D:4      | Killed an ice beast
  4179 | D:4      | Reached * piety under Fedhas
  5082 | D:5      | Noticed Duvessa
  5138 | D:5      | Noticed Dowan
  5229 | D:5      | Reached XP level 7. HP: 40/40 MP: 9/9
  5235 | D:5      | Killed Duvessa
  5236 | D:5      | Reached skill level 6 in Ranged Weapons
  5237 | D:5      | Killed Dowan
  5312 | D:5      | Reached ** piety under Fedhas
  5463 | D:5      | Noticed Blork the orc
  5469 | D:5      | Killed Blork the orc
  5503 | D:5      | Found a white marble altar of Elyvilon.
  5827 | D:6      | Reached skill level 7 in Ranged Weapons
  5827 | D:6      | Reached XP level 8. HP: 38/45 MP: 12/12
  5932 | D:6      | Reached skill level 8 in Ranged Weapons
  6107 | D:6      | Reached skill level 9 in Ranged Weapons
  6237 | D:6      | Found a radiant altar of Vehumet.
  6242 | D:6      | Got Vehumet's Omnibus of Battle Magic
  6248 | D:6      | Found an ancient bone altar of Kikubaaqudgha.
  6287 | D:6      | Found a shimmering blue altar of Sif Muna.
  6353 | D:6      | Reached skill level 10 in Ranged Weapons
  6749 | D:6      | Reached skill level 11 in Ranged Weapons
  6762 | D:6      | Reached *** piety under Fedhas
  7181 | D:7      | Reached XP level 9. HP: 49/49 MP: 13/13
  7454 | D:7      | Reached skill level 12 in Ranged Weapons
  7873 | D:8      | Noticed Pikel
  7878 | D:8      | Killed Pikel
  7879 | D:8      | Reached skill level 5 in Fighting
  7993 | D:8      | Reached skill level 13 in Ranged Weapons
  8024 | D:7      | Reached XP level 10. HP: 27/60 MP: 11/14
  8218 | D:8      | Found a staircase to the Lair.
  8229 | D:8      | Reached skill level 14 in Ranged Weapons
  8646 | D:8      | Found Mics's Elemental Accessories.
  8736 | D:8      | Reached skill level 15 in Ranged Weapons
  8963 | D:8      | Reached **** piety under Fedhas
  9211 | D:8      | Reached skill level 16 in Ranged Weapons
  9220 | D:8      | Identified the +7 falchion of the Invisible Mystics {venom,
                  | Dex+3}
  9229 | D:8      | HP: 1/60 [troll (10)]
  9231 | D:8      | Killed from afar by an efreet

Illustrated notes

Levels and vault maps discovered:
D:1:      nicolae_arrival_washed_ashore, layout_basic
D:2:      cheibrodos_fertilizer, layout_loops_corners, minmay_strange_pillars,
          uniq_crazy_yiuf_cottage, uniq_jessica, uniq_terence
D:3:      layout_loops_ring, gammafunk_ghost_necromancy,
          nicolae_underground_beach
D:4:      minmay_polygon_palace, layout_basic,
          mainiacjoe_overflow_concentric_impassable, temple_pool_b,
          grunt_ministairs_1
D:5:      kennysheep_kobold_camp, layout_basic, amcnicky_altar_gilded,
          uniq_blork_the_orc, uniq_duvessa
D:6:      layout_loops_corners, palyth_temple_overflow_mages
D:7:      layout_loops_ring
D:8:      minmay_the_grid_octo_2x2 [minmay_the_grid_octo_fan_narrow,
          minmay_the_grid_octo_toaster, minmay_the_grid_octo_odd_swirl,
          minmay_the_grid_octo_prize_star], layout_basic,
          gammafunk_temple_overflow_elements, erik_lair_island, serial_rivers,
          chequers_serial_rivers_small_a, chequers_serial_rivers_micro_e,
          chequers_serial_rivers_small_a, nicolae_elemental_shop, uniq_pikel
Temple:   nicolae_temple_little_seven

Skill      XL: |  1  2  3  4  5  6  7  8  9 10 |
---------------+-------------------------------+-----
Long Blades    | 2 |  2.2
Dodging        | 3 4 5 6 |  6.0
Evocations     | 2 4 |  4.0
Ranged Weapons | 3 4 7 11 13 16 | 16.0
Invocations    | 3 |  3.7
Fighting       | 6 |  6.0
Stealth        | |  6.1

Action                     |  1- 3 |  4- 6 |  7- 9 | 10-12 || total
---------------------------+-------+-------+-------+-------++-------
  Melee: Falchion          |    30 |       |       |       ||    30
         Dagger            |    12 |   156 |       |       ||   168
         Punch             |       |     2 |       |       ||     2
   Fire: Orcbow            |       |   130 |   244 |   137 ||   511
 Invoke: Wall of Briars    |       |       |     5 |     1 ||     6
  Evoke: Wand              |       |    12 |     5 |     2 ||    19
    Use: Scroll            |     1 |     1 |     6 |       ||     8
         Potion            |       |     1 |     7 |       ||     8
   Stab: Sleeping          |     6 |    19 |       |       ||    25
         Distracted        |     1 |     1 |       |       ||     2
 Armour: Leather armour    |     7 |    41 |    10 |       ||    58
         Steam dragon scal |       |       |     2 |     3 ||     5
         Acid dragon scale |       |       |       |     5 ||     5
  Dodge: Dodged            |    19 |   157 |    67 |    24 ||   267

Table legend: (Time is in decaauts)
 A = Elapsed time spent in this place.
 B = Non-inter-level travel time spent in this place.
 C = Inter-level travel time spent in this place.
 D = Time resting spent in this place.
 E = Time spent auto-exploring this place.
 F = Levels seen in this place.
 G = Mean time per level.
                   A        B        C        D        E       F      G
               +--------+--------+--------+--------+--------+-----+--------+
         Total |   9268 |   8787 |    481 |    869 |   6182 |   9 | 1029.8 |
       Dungeon |   9227 |   8753 |    474 |    869 |   6157 |   8 | 1153.4 |
        Temple |     40 |     33 |      7 |      0 |     25 |   1 |   40.0 |
               +--------+--------+--------+--------+--------+-----+--------+

Top non-repeatable levels by time:
     D:6: 1400 daAuts
     D:2: 1389 daAuts
     D:4: 1344 daAuts
     D:3: 1243 daAuts
     D:8: 1120 daAuts
     D:7: 957 daAuts
     D:1: 904 daAuts
     D:5: 867 daAuts
  Temple: 40 daAuts
